 Dungeon Crawl Stone Soup version 0.28-a0-819-g6ef7baa362 (webtiles) character file.

Game seed: 5554674835931243416

53 bande the Skirmisher (level 3, 0/24 HPs)
             Began as a Gargoyle Fighter on Nov 8, 2021.
             Slain by Sigmund (5 damage)
             ... on level 2 of the Dungeon.
             The game lasted 00:01:27 (1516 turns).

bande the Skirmisher (Gargoyle Fighter)             Turns: 1516, Time: 00:01:27

Health: 0/24       AC: 10    Str: 20    XL:     3   Next: 89%
Magic:  3/3        EV:  9    Int:  8    God:
Gold:   89         SH:  0    Dex:  9    Spells: 2/2 levels left

rFire   . . .      SeeInvis .   a - +0 war axe
rCold   . . .      Faith    .   c - +0 buckler
rNeg    + . .      Spirit   .   b - +0 scale mail
rPois   ∞          Reflect  .   (no helmet)
rElec   +          Harm     .   (no cloak)
rCorr   .          Rampage  .   (no gloves)
Will    .....                   (no boots)
Stlth   ..........              (no amulet)
HPRegen 0.08/turn               (no ring)
MPRegen 0.08/turn               (no ring)

@: confused, mighty
A: sickness immunity, AC +3, negative energy resistance 1, electricity
resistance, torment resistance 1, petrification resistance
a: no special abilities


You were on level 2 of the Dungeon.
You visited 1 branch of the dungeon, and saw 2 of its levels.

You collected 89 gold pieces.

Inventory:

Hand Weapons
 a - a +0 war axe (weapon)
Armour
 b - a +0 scale mail (worn)
 c - a +0 buckler (worn)
Jewellery
 j - an amulet of guardian spirit
Scrolls
 e - 2 scrolls of identify {unknown}
 f - a scroll of amnesia {unknown}
 g - a scroll of noise {unknown}
 i - a scroll of brand weapon {unknown}
 k - a scroll of fear {unknown}
 l - a scroll of blinking {unknown}
 o - a scroll of enchant armour {unknown}
Potions
 h - 2 potions of attraction {unknown}
 m - a potion of degeneration {unknown}
 n - a potion of curing {unknown}


   Skills:
 + Level 4.0 Fighting
 + Level 2.5 Axes
 + Level 3.7 Armour
 - Level 0.3 Dodging
 - Level 0.2 Stealth
 + Level 3.4 Shields


You had 2 spell levels left.
You didn't know any spells.
Your spell library was empty.

Dungeon Overview and Level Annotations

Branches:
Dungeon (2/15)

Altars:

Annotations:
D:2 Sigmund


Innate Abilities, Weirdness & Mutations

You are immune to sickness and miasma.
Your stone body is resilient. (AC +3)
You are immune to poison.
You resist negative energy. (rN+)
You are resistant to electric shocks. (rElec)
You are resistant to unholy torment.
You are immune to petrification.


Message History

The giant cockroach bites you but does no damage.
You hit the giant cockroach.
The giant cockroach is moderately wounded.
The giant cockroach barely misses you. Something hits you but does no damage.
The giant cockroach barely misses you.
You feel very mighty all of a sudden.
A giant cockroach comes into view.
Something hits you.
The giant cockroach bites you but does no damage.
You miss the giant cockroach.
The giant cockroach is moderately wounded.
You feel less confused. The giant cockroach bites you. Something hits you.
* * * LOW HITPOINT WARNING * * *
You barely miss the giant cockroach.
The giant cockroach is moderately wounded.
The giant cockroach bites you but does no damage.
You block the giant cockroach's attack. Something hits you.
* * * LOW HITPOINT WARNING * * *
Unknown command.
You closely miss the giant cockroach.
The giant cockroach is moderately wounded.
You hit the giant cockroach. The giant cockroach closely misses you.
The giant cockroach bites you but does no damage.
The giant cockroach barely misses you. You block the giant cockroach's attack.
Something hits you but does no damage.
You slice the giant cockroach!!
You kill the giant cockroach!
You barely miss the giant cockroach. You block the giant cockroach's attack.
Unknown command.
Found a scroll labelled XUIHOWKEZOFU, 2 arrows and 2 glowing ruby potions.
You hear some strange, mumbled words.
You are confused.
The giant cockroach closely misses you.
You see here a giant cockroach corpse.
The giant cockroach misses you. Something hits you.
* * * LOW HITPOINT WARNING * * *
The giant cockroach bites you but does no damage.
You bump into the rock wall.
Something hits you.
You die...

.#!(?#..# .#)?)#..# #
.#####..# ###
........#### #.'
.........# #.#
#.......# #.# #...{...#
#.# #..B†...# #.#
#...@.[.# #..
#.##.##### ### #
#.....#### #..
#..#......### ##÷#
.....#........####...
......##.#......>....#.
.###.. #.#......#......
.#⌠#..##.÷<.....#.###..
.###.......÷......###..


You could see a giant cockroach.

Vanquished Creatures
  A gnoll (D:1)
  An adder (D:2)
  3 endoplasms
  4 giant cockroaches
  4 goblins
  2 hobgoblins
  A quokka (D:2)
  4 ball pythons (D:2)
  3 bats
  2 frilled lizards
  3 kobolds
  5 rats
33 creatures vanquished.

Notes
Turn   | Place    | Note
-------+----------+-------------------------------------------
     0 | D:1      | bande the Gargoyle Fighter began the quest for the Orb.
     0 | D:1      | Reached XP level 1. HP: 14/14 MP: 1/1
   246 | D:1      | Reached XP level 2. HP: 11/20 MP: 2/2
  1042 | D:2      | Reached XP level 3. HP: 21/24 MP: 3/3
  1260 | D:2      | Reached skill level 4 in Fighting
  1503 | D:2      | Noticed Sigmund
  1516 | D:2      | Slain by Sigmund

Illustrated notes

Levels and vault maps discovered:
D:1:      minmay_arrival_shoal_huts, layout_basic
D:2:      layout_rooms, serial_glass, glass_columns_a, glass_columns_a,
          feat_on_display, item_on_display_a, feat_on_display,
          due_unseen_surprise, eino_tiny_chamber, minmay_tetromino_i4,
          uniq_crazy_yiuf_cottage, uniq_sigmund

Skill      XL: |  1  2  3 |
---------------+----------+-----
Axes           | 2 |  2.5
Fighting       | 4 |  4.0
Armour         | |  3.7
Dodging        | |  0.3
Stealth        | |  0.2
Shields        | |  3.4

Action                   || total
-------------------------++-------
Melee: War axe           ||    90
  Use: Potion            ||     1
Armor: Scale mail        ||    57
Dodge: Dodged            ||    47
Block: Buckler           ||    39

Table legend: (Time is in decaauts)
 A = Elapsed time spent in this place.
 B = Non-inter-level travel time spent in this place.
 C = Inter-level travel time spent in this place.
 D = Time resting spent in this place.
 E = Time spent auto-exploring this place.
 F = Levels seen in this place.
 G = Mean time per level.
                   A        B        C        D        E       F      G
               +--------+--------+--------+--------+--------+-----+--------+
         Total |   1556 |   1556 |      0 |    258 |   1030 |   2 |  778.0 |
       Dungeon |   1556 |   1556 |      0 |    258 |   1030 |   2 |  778.0 |
               +--------+--------+--------+--------+--------+-----+--------+

Top non-repeatable levels by time:
     D:1: 1052 daAuts
     D:2: 503 daAuts
